 Dungeon Crawl Stone Soup version 0.21-a0-186-g02e8684 (webtiles) character file.

704 Leibowitz the Cudgeler (level 7, -4/74 HPs)
             Began as an Ogre Berserker on Aug 13, 2017.
             Was a Believer of Trog.
             Slain by an orc
             ... wielding a +0 trident
              (7 damage)
             ... on level 4 of the Dungeon.
             The game lasted 00:08:04 (3645 turns).

Leibowitz the Cudgeler (Ogre Berserker)             Turns: 3645, Time: 00:08:05

Health: -4/74      AC:  3    Str: 24    XL:     7   Next: 66%
Magic:  7/7        EV: 12    Int:  8    God:    Trog [**....]
Gold:   213        SH:  0    Dex: 14    Spells: 6/6 levels left

rFire    + . .     SeeInvis .   a - +2 whip (flame)
rCold    + . .     Gourm    .   (no shield)
rNeg     . . .     Faith    .   b - +0 animal skin
rPois    +         Spirit   .   (helmet restricted)
rElec    +         Reflect  .   (no cloak)
rCorr    +         Harm     .   (gloves unavailable)
MR       .....                  (boots unavailable)
Stlth    +.........             z - amulet of magic regeneration
HPRegen  0.22/turn              k - +6 ring of dexterity
MPRegen  0.35/turn              e - ring of poison resistance (curse)

@: resistant
A: unfitting armour, tough skin 1
a: Berserk, Trog's Hand, Burn Spellbooks, Renounce Religion


You were on level 4 of the Dungeon.
You worshipped Trog.
Trog was pleased with you.
You were not hungry.

You visited 1 branch of the dungeon, and saw 4 of its levels.

You collected 213 gold pieces.

Inventory:

Hand Weapons
 a - a +2 whip of flaming (weapon)
 y - a +0 mace
 A - a +0 flail
Armour
 b - a +0 animal skin (worn)
Jewellery
 d - an uncursed ring of resist corrosion
 e - a cursed ring of poison resistance (right hand)
 k - a +6 ring of dexterity (left hand)
 z - an amulet of magic regeneration (around neck)
Wands
 C - a wand of flame (3/48)
Scrolls
 g - a scroll of teleportation {unknown}
 h - a scroll of identify {unknown}
 i - a scroll of blinking {unknown}
 j - 4 scrolls of fear {unknown}
 l - 2 scrolls of remove curse {unknown}
 m - a scroll of recharging {unknown}
 n - 3 scrolls of enchant weapon {unknown}
 p - a scroll of amnesia {unknown}
 t - a scroll of fog {unknown}
 u - a scroll of enchant armour {unknown}
Potions
 f - a potion of lignification {unknown}
 o - a potion of resistance
 q - a potion of flight {unknown}
 s - a potion of berserk rage {unknown}
 w - 2 potions of degeneration {unknown}
 B - a potion of cancellation {unknown}
Comestibles
 c - 3 bread rations
 r - a meat ration
 v - a royal jelly


   Skills:
 * Level 5.7 Fighting
 * Level 5.8 Maces & Flails
 * Level 2.0 Armour
 * Level 4.5 Dodging


You had 6 spell levels left.
You didn't know any spells.

Dungeon Overview and Level Annotations

Branches:
Dungeon (4/15)
 Temple: D:4-7

Altars:
Nemelex Xobeh


Innate Abilities, Weirdness & Mutations

You are too large for most types of armour.
You have tough skin. (AC +1)


Message History

The orc wizard blinks!
The orc hits you from afar with a trident!
* * * LOW HITPOINT WARNING * * *
You hit the orc. You burn the orc.
You kill the orc!
Trog accepts your kill. The orc hits you with a trident.
* * * LOW HITPOINT WARNING * * *
The orc wizard hits you with a dagger.
* * * LOW HITPOINT WARNING * * *
You hit the orc. You burn the orc.
The orc is severely wounded.
The orc hits you with a trident.
* * * LOW HITPOINT WARNING * * *
It was a potion of resistance.
You feel protected. The orc wizard hits you with a dagger.
* * * LOW HITPOINT WARNING * * *
The orc hits you with a trident!
You die...

######## #
##......# #.
##...###.#
#.. ##...##
#.######
#...###...##
#....[..
#..o@...##
#.#.).[#
##.o)..##
#.#.##.#
##.####
#.#.##.# #.
#.#.##.# #.
#.#.##.# ..
.....#+# .#
#.#.. #.
..#.


You could see an orc wizard and an orc.

Vanquished Creatures
  Pikel (D:4)
  A slave (D:4)
  A phantom (D:4)
  A hound (D:3)
  An orc priest (D:3)
  An orc wizard (D:3)
  3 adders
  3 dart slugs
  A leopard gecko (D:3)
  11 orcs
  A ball python (D:3)
  9 bats
  3 giant cockroaches
  9 goblins
  9 hobgoblins
  5 jackals
  2 quokkas (D:3)
  3 frilled lizards
  6 kobolds
  8 rats
79 creatures vanquished.

Vanquished Creatures (others)
  A slave (D:4)
  A scorpion (D:4)
  A hound (D:4)
  A centaur skeleton (D:4)
  Ijyb (D:4)
  A leopard gecko (D:4)
6 creatures vanquished.

Grand Total: 85 creatures vanquished

Notes
Turn   | Place    | Note
-------+----------+-------------------------------------------
     0 | D:1      | Leibowitz the Ogre Berserker began the quest for the Orb.
     0 | D:1      | Reached XP level 1. HP: 24/24 MP: 1/1
   442 | D:1      | Reached XP level 2. HP: 29/32 MP: 2/2
   887 | D:1      | Reached XP level 3. HP: 32/40 MP: 3/3
  1429 | D:2      | Reached ** piety under Trog
  1764 | D:2      | Found a sparkling altar of Nemelex Xobeh.
  1843 | D:2      | Reached XP level 4. HP: 34/49 MP: 4/4
  2333 | D:3      | Reached XP level 5. HP: 17/55 MP: 5/5
  2910 | D:3      | Reached skill level 1 in Armour
  3274 | D:4      | Noticed a slave
  3275 | D:4      | Noticed a slave
  3277 | D:4      | Noticed a slave
  3280 | D:4      | Noticed Ijyb
  3280 | D:4      | Noticed Pikel
  3280 | D:4      | Noticed a slave
  3288 | D:4      | Killed a slave
  3290 | D:4      | Noticed a phantom
  3297 | D:4      | Killed Pikel
  3297 | D:4      | Reached skill level 5 in Fighting
  3297 | D:4      | Reached skill level 5 in Maces & Flails
  3297 | D:4      | Reached XP level 6. HP: 51/67 MP: 6/6
  3297 | D:4      | Reached XP level 7. HP: 57/74 MP: 7/7
  3305 | D:4      | Killed Ijyb
  3645 | D:4      | HP: 3/74 [orc wizard/dagger (2)]
  3645 | D:4      | Slain by an orc

Vault maps used:
D:1:      kennysheep_arrival_seaside, st_stairs_6, minivault_27
D:2:      nemelex_xobeh_ov_fountains_minmay
D:4:      black_bear_nest_2, first_bread, uniq_ijyb, uniq_grinder, uniq_pikel

Skill      XL: |  1  2  3  4  5  6  7 |
---------------+----------------------+-----
Dodging        | 3 4 |  4.5
Maces & Flails | 3 5 |  5.8
Armour         | 1 2 |  2.0
Fighting       | 5 |  5.7

Action                   |  1- 3 |  4- 6 |  7- 9 || total
-------------------------+-------+-------+-------++-------
Melee: Mace              |   139 |    73 |       ||   212
       Flail             |       |    47 |       ||    47
       Whip              |       |       |    30 ||    30
Invok: Berserk           |       |     2 |       ||     2
  Use: Potion            |       |       |     1 ||     1
 Stab: Sleeping          |     1 |     2 |       ||     3
  Eat: Chunk             |     3 |     6 |     2 ||    11
Armor: Animal skin       |    36 |    29 |     4 ||    69
Dodge: Dodged            |   117 |    75 |    15 ||   207
